 Dungeon Crawl Stone Soup version 0.18.1-48-g4cf74bf (webtiles) character file.

213 Joat the Skirmisher (level 5, -5/43 HPs)
             Began as a Demonspawn Fighter on Sept 5, 2016.
             Killed from afar by Natasha (8 damage)
             ... with a wand of flame
             ... on level 3 of the Dungeon.
             The game lasted 00:11:20 (3354 turns).

Joat the Skirmisher (Demonspawn Fighter)            Turns: 3354, Time: 00:11:20

Health: -5/43      AC:  6    Str: 16    XL:     5   Next: 59%
Magic:  5/5        EV:  9    Int: 10    God:
Gold:   94         SH:  0    Dex: 13    Spells: 0 memorised, 4 levels left

rFire  . . .     SeeInvis .       - Unarmed
rCold  . . .     Gourm    .     b - +0 scale mail
rNeg   . . .     Faith    .     (no shield)
rPois  +         Spirit   .     (no helmet)
rElec  .         Dismiss  .     (no cloak)
rCorr  .         Reflect  .     (no gloves)
SustAt .         Harm     .     (no boots)
MR     .....                    (no amulet)
Stlth  ..........               s - ring of flight
                                m - ring of poison resistance

@: slowed, very slow, not resistant to hostile enchantments, extremely
unstealthy
A: claws 1, talons 1, demonic guardian 1
a: Evoke Flight


You were on level 3 of the Dungeon.
You were not hungry.

You visited 1 branch of the dungeon, and saw 3 of its levels.

You collected 94 gold pieces.

Inventory:

Hand Weapons
 a - a +0 war axe
 p - a +2 flail of protection
Armour
 b - a +0 scale mail (worn)
 c - a +0 shield
 v - a +0 pair of gloves
Jewellery
 m - a ring of poison resistance (left claw)
 s - a ring of flight (right claw)
Scrolls
 h - a scroll of fear {unknown}
 i - 2 scrolls of random uselessness {unknown}
 l - 2 scrolls of remove curse {unknown}
 n - a scroll of blinking {unknown}
 o - 2 scrolls of teleportation {unknown}
 r - a scroll of enchant weapon {unknown}
 t - 2 scrolls of identify {unknown}
 w - a scroll of fog {unknown}
Potions
 d - a potion of might
 e - 2 potions of lignification {unknown}
 g - a potion of mutation {unknown}
 j - a potion of haste {unknown}
 k - a potion of heal wounds {unknown}
Comestibles
 f - 4 bread rations
 q - a slice of pizza
 u - 5 chunks of flesh


   Skills:
 + Level 4.4 Fighting
 - Level 2.1(2.2) Axes
 - Level 0.6(1.5) Maces & Flails
 + Level 3.4 Armour
 - Level 0.5 Dodging
 - Level 3.3 Shields
 * Level 1.9 Unarmed Combat


You had 4 spell levels left.
You didn't know any spells.

Dungeon Overview and Level Annotations

Branches:
Dungeon (3/15)

Altars:
Kikubaaqudgha
Ru
The Shining One

Annotations:
D:3 Grinder, Natasha


Innate Abilities, Weirdness & Mutations

You have sharp fingernails.
You have sharp toenails.
A weak demonic guardian rushes to your aid.


Message History

Your quasit claws Grinder but does no damage.
Your quasit barely misses Grinder.
Grinder closely misses your quasit.
A bat comes into view.
Your quasit bites Grinder.
Your quasit closely misses Grinder.
Your quasit barely misses Grinder.
The kobold throws a stone.
The stone barely misses you. Grinder hits your quasit.
Your quasit closely misses Grinder.
Your quasit claws Grinder.
Your quasit claws Grinder but does no damage.
Natasha zaps a wand.
The puff of flame hits you!
The kobold throws a stone.
The stone hits you but does no damage.
You see here a stone.
The bat hits you but does no damage.
Your quasit closely misses Grinder.
Your quasit claws Grinder but does no damage. x2
Natasha zaps a wand.
The puff of flame hits you!
* * * LOW HITPOINT WARNING * * *
Grinder gestures at your quasit.
Your quasit suddenly stops moving!
The kobold throws a stone.
The stone hits you but does no damage.
Natasha zaps a wand.
The puff of flame hits you!
You die...

######################''#########
≈≈≈≈≈≈≈≈≈≈≈≈≈≈≈≈≈≈≈≈.55...≈≈≈≈≈≈≈
≈≈≈≈≈≈≈≈≈≈≈≈≈≈≈≈≈≈≈≈.h....≈≈≈≈≈≈≈
≈≈≈≈≈≈≈≈≈≈≈≈≈≈≈≈≈≈≈K(.....≈≈≈≈≈≈≈
....................(............
..................(...().........
................5......(......)..
.......######...(......(.........
.....>..........@.......(........
........#......b.......((#######.
........#.#....(.#####((.# #.
............#............# #.
.####.###.#.#.....###....# #. .#
#.# #.#......)# #....# ## .#
#.###.###..<..#####..#
.####.#....##.#..........#
..............#..#.####.##


You could see Grinder, Natasha, a bat, a kobold, a friendly quasit (paralysed)
and a friendly white imp.

Vanquished Creatures
  Natasha (twice) (D:3)
  A gnoll (D:2)
  3 adders
  2 worms (D:2)
  2 dart slugs
  2 giant geckos
  8 bats
  4 giant cockroaches
  6 goblins
  8 hobgoblins
  16 kobolds
  5 giant newts
  6 rats
65 creatures vanquished.

Vanquished Creatures (collateral kills)
  Jessica (D:3)
  Terence (D:3)
  6 gnolls (D:2)
  A bat (D:2)
9 creatures vanquished.

Grand Total: 74 creatures vanquished

Notes
Turn   | Place    | Note
--------------------------------------------------------------
     0 | D:1      | Joat the Demonspawn Fighter began the quest for the Orb.
     0 | D:1      | Reached XP level 1. HP: 18/18 MP: 1/1
   106 | D:1      | Gained mutation: A weak demonic guardian rushes to your aid. [demonic ancestry]
   106 | D:1      | Reached XP level 2. HP: 24/24 MP: 2/2
   921 | D:2      | Gained mutation: You have sharp fingernails. [demonic ancestry]
   921 | D:2      | Reached XP level 3. HP: 20/29 MP: 3/3
  1413 | D:2      | Gained mutation: You have sharp toenails. [demonic ancestry]
  1413 | D:2      | Reached XP level 4. HP: 32/36 MP: 4/4
  2558 | D:3      | Found a glowing golden altar of the Shining One.
  2581 | D:3      | Found an ancient bone altar of Kikubaaqudgha.
  2722 | D:3      | Reached skill level 4 in Fighting
  2731 | D:3      | Found a sacrificial altar of Ru.
  2776 | D:3      | Noticed Jessica
  2778 | D:3      | Noticed Terence
  2779 | D:3      | Noticed Natasha
  2787 | D:3      | Killed Jessica
  2787 | D:3      | Reached skill level 1 in Unarmed Combat
  2900 | D:3      | Killed Terence
  2900 | D:3      | Reached XP level 5. HP: 38/42 MP: 5/5
  2903 | D:3      | Killed Natasha
  3116 | D:3      | Noticed Natasha
  3124 | D:3      | Killed Natasha
  3297 | D:3      | Noticed Grinder
  3325 | D:3      | Noticed Natasha
  3354 | D:3      | Killed from afar by Natasha

Skill      XL: |  1  2  3  4 |
---------------+-------------+-----
Shields        | 3 |  3.3
Axes           | 2 |  2.1
Armour         | 3 |  3.4
Fighting       | 4 |  4.4
Unarmed Combat | 1 |  1.9
Maces & Flails | |  0.6
Dodging        | |  0.5

Action                   |  1- 3 |  4- 6 || total
-------------------------+-------+-------++-------
Melee: War axe           |    65 |       ||    65
       Flail             |    28 |     3 ||    31
       Unarmed           |       |   159 ||   159
       Kick              |       |    43 ||    43
       Punch             |       |     2 ||     2
  Eat: Chunk             |     2 |     6 ||     8
Armor: Scale mail        |    48 |    65 ||   113
Dodge: Dodged            |    28 |    84 ||   112
Block: Shield            |    60 |     2 ||    62
